[ PARTIDA AOE2 · #506275467 ]
UnrankedHunos vs Huns
Equipo del jugador · VICT
Equipo rival · DERR
[ ANÁLISIS DE REPETICIÓN · EXTRAÍDO DE LA PARTIDA GRABADA ]
Feudal
10:08
Castillos
24:08
Imperial
—
| APM promedio | 74.1 |
| APM pico | 141 |
| eAPM promedio | 29.7 |
| Aldeanos / militares | 90 / 159 |
Foco
⚔️ 42.5% · 🌾 57.5%
Cavalry Archer ×76 · Knight ×34 · Archer ×25 · Spearman ×6 · Battering Ram ×6 · Scorpion ×5
Feudal
9:29
Castillos
27:03
Imperial
—
| APM promedio | 34.0 |
| APM pico | 108 |
| eAPM promedio | 13.9 |
| Aldeanos / militares | 61 / 95 |
Foco
⚔️ 35.2% · 🌾 64.8%
Spearman ×46 · Scout Cavalry ×17 · Skirmisher ×16 · Knight ×15 · Monk ×1
Mapa de la partida
Recursos iniciales + cada clic de construcción. Líneas = muros · curvas = relieve. ◆ oro · ⬟ piedra · ● bayas · ✦ reliquia · ◌ hueco del cierre
Tu base· Abierta — flanco sin cerrar
Base de CobraKai· Abierta — flanco sin cerrar
Terreno inicial suavizado · ◌ = hueco del cierre detectado · pasá el cursor para detalles
Inputs por minuto
— Pedro - - CobraKai
Build order — Pedro
Primeras 150 de 364 acciones detectadas
| 0:00 | Encolar | Villager (Male) |
| 0:01 | Encolar | Villager (Male) |
| 0:06 | Encolar | Villager (Male) |
| 0:18 | Encolar | Villager (Male) |
| 1:18 | Encolar | Villager (Male) |
| 1:53 | Encolar | Villager (Male) |
| 2:10 | Construir | Lumber Camp |
| 2:12 | Encolar | Villager (Male) |
| 2:41 | Encolar | Villager (Male) |
| 2:58 | Encolar | Villager (Male) |
| 3:30 | Encolar | Villager (Male) |
| 3:56 | Encolar | Villager (Male) |
| 4:17 | Encolar | Villager (Male) |
| 4:46 | Encolar | Villager (Male) |
| 4:51 | Encolar | Villager (Male) |
| 5:03 | Construir | Barracks |
| 5:16 | Encolar | Villager (Male) |
| 5:58 | Encolar | Militia |
| 5:58 | Encolar | Militia |
| 5:58 | Encolar | Militia |
| 6:05 | Construir | Mill |
| 6:11 | Encolar | Villager (Male) |
| 6:29 | Encolar | Militia |
| 6:31 | Encolar | Villager (Male) |
| 6:36 | Encolar | Villager (Male) |
| 6:56 | Investigar | Loom |
| 7:58 | Investigar | Feudal Age |
| 8:03 | Construir | Lumber Camp |
| 9:00 | Construir | Mining Camp |
| 9:28 | Encolar | Villager (Male) |
| 10:08 | Edad | Edad Feudal |
| 10:11 | Construir | Archery Range |
| 10:19 | Investigar | Double-Bit Axe |
| 10:20 | Investigar | Double-Bit Axe |
| 10:22 | Encolar | Villager (Male) |
| 10:27 | Encolar | Villager (Male) |
| 10:34 | Encolar | Villager (Male) |
| 10:51 | Encolar | Archer |
| 10:58 | Encolar | Villager (Male) |
| 11:06 | Construir | Archery Range |
| 11:16 | Encolar | Villager (Male) |
| 11:24 | Encolar | Archer |
| 11:25 | Encolar | Archer |
| 11:25 | Encolar | Archer |
| 11:32 | Encolar | Spearman |
| 11:46 | Encolar | Skirmisher |
| 11:55 | Encolar | Villager (Male) |
| 12:04 | Encolar | Archer |
| 12:09 | Encolar | Spearman |
| 12:18 | Encolar | Archer |
| 12:23 | Encolar | Villager (Male) |
| 12:34 | Construir | Watch Tower |
| 12:40 | Construir | Farm |
| 12:46 | Encolar | Archer |
| 12:50 | Encolar | Archer |
| 12:51 | Encolar | Villager (Male) |
| 13:06 | Construir | Farm |
| 13:10 | Encolar | Spearman |
| 13:20 | Encolar | Archer |
| 13:20 | Encolar | Archer |
| 13:46 | Construir | Farm |
| 13:49 | Encolar | Villager (Male) |
| 13:55 | Encolar | Archer |
| 13:56 | Encolar | Archer |
| 14:00 | Construir | Palisade Wall |
| 14:01 | Construir | Palisade Wall |
| 14:02 | Construir | Palisade Wall |
| 14:03 | Construir | Palisade Wall |
| 14:10 | Encolar | Villager (Male) |
| 14:13 | Construir | Farm |
| 14:32 | Encolar | Archer |
| 14:32 | Encolar | Villager (Male) |
| 14:35 | Construir | Farm |
| 14:43 | Encolar | Archer |
| 14:47 | Construir | Palisade Wall |
| 14:49 | Construir | Palisade Wall |
| 15:05 | Encolar | Archer |
| 15:05 | Encolar | Archer |
| 15:06 | Encolar | Archer |
| 15:10 | Encolar | Villager (Male) |
| 15:38 | Construir | Blacksmith |
| 15:46 | Construir | Palisade Wall |
| 15:52 | Encolar | Villager (Male) |
| 15:54 | Construir | Farm |
| 16:07 | Encolar | Archer |
| 16:07 | Encolar | Villager (Male) |
| 16:09 | Construir | Farm |
| 16:12 | Construir | Farm |
| 16:15 | Encolar | Archer |
| 16:16 | Encolar | Archer |
| 16:23 | Encolar | Archer |
| 16:31 | Investigar | Fletching |
| 16:31 | Investigar | Fletching |
| 16:36 | Encolar | Archer |
| 16:45 | Construir | Farm |
| 16:49 | Encolar | Archer |
| 17:02 | Encolar | Archer |
| 17:02 | Encolar | Villager (Male) |
| 17:07 | Construir | Farm |
| 17:12 | Construir | Farm |
| 17:13 | Encolar | Villager (Male) |
| 17:23 | Encolar | Archer |
| 17:43 | Construir | Farm |
| 17:44 | Construir | Farm |
| 18:24 | Encolar | Spearman |
| 18:26 | Construir | Farm |
| 18:27 | Encolar | Villager (Male) |
| 18:28 | Construir | Farm |
| 18:30 | Encolar | Spearman |
| 18:49 | Encolar | Villager (Male) |
| 18:57 | Encolar | Spearman |
| 19:02 | Construir | Farm |
| 19:22 | Encolar | Villager (Male) |
| 19:24 | Construir | Farm |
| 20:17 | Encolar | Villager (Male) |
| 20:19 | Construir | Farm |
| 20:28 | Construir | Farm |
| 20:45 | Encolar | Villager (Male) |
| 20:59 | Construir | Farm |
| 21:28 | Investigar | Castle Age |
| 21:33 | Construir | Farm |
| 21:35 | Construir | Stable |
| 21:54 | Construir | Stable |
| 22:18 | Investigar | Scale Barding Armor |
| 22:37 | Investigar | Bloodlines |
| 23:25 | Investigar | Forging |
| 23:28 | Construir | Farm |
| 23:29 | Construir | Farm |
| 23:29 | Encolar | Villager (Male) |
| 23:32 | Construir | Farm |
| 23:45 | Construir | Lumber Camp |
| 23:48 | Construir | Lumber Camp |
| 23:56 | Construir | Farm |
| 24:08 | Edad | Edad de los Castillos |
| 24:09 | Encolar | Knight |
| 24:09 | Encolar | Knight |
| 24:09 | Encolar | Knight |
| 24:10 | Encolar | Villager (Male) |
| 24:10 | Encolar | Villager (Male) |
| 24:21 | Encolar | Villager (Male) |
| 24:26 | Investigar | Chain Barding Armor |
| 24:40 | Encolar | Knight |
| 24:41 | Encolar | Knight |
| 24:48 | Construir | Market |
| 24:52 | Encolar | Villager (Male) |
| 24:57 | Construir | Farm |
| 25:12 | Encolar | Knight |
| 25:12 | Encolar | Knight |
| 25:32 | Encolar | Knight |
| 25:32 | Encolar | Knight |
Build order — CobraKai
Primeras 150 de 185 acciones detectadas
| 0:00 | Encolar | Villager (Male) |
| 0:01 | Encolar | Villager (Male) |
| 0:01 | Encolar | Villager (Male) |
| 0:15 | Encolar | Villager (Male) |
| 0:16 | Encolar | Villager (Male) |
| 1:22 | Encolar | Villager (Male) |
| 1:22 | Encolar | Villager (Male) |
| 1:51 | Encolar | Villager (Male) |
| 2:04 | Encolar | Villager (Male) |
| 2:05 | Encolar | Villager (Male) |
| 2:14 | Construir | Lumber Camp |
| 2:48 | Encolar | Villager (Male) |
| 2:48 | Encolar | Villager (Male) |
| 3:20 | Encolar | Villager (Male) |
| 3:20 | Encolar | Villager (Male) |
| 3:40 | Encolar | Villager (Male) |
| 4:02 | Encolar | Villager (Male) |
| 4:50 | Encolar | Villager (Male) |
| 4:50 | Encolar | Villager (Male) |
| 4:53 | Construir | Mill |
| 5:09 | Encolar | Villager (Male) |
| 6:01 | Encolar | Villager (Male) |
| 6:02 | Investigar | Loom |
| 7:19 | Investigar | Feudal Age |
| 7:32 | Construir | Barracks |
| 7:38 | Construir | Palisade Wall |
| 9:29 | Edad | Edad Feudal |
| 9:40 | Construir | Stable |
| 10:05 | Encolar | Villager (Male) |
| 10:06 | Encolar | Villager (Male) |
| 10:09 | Investigar | Double-Bit Axe |
| 10:27 | Encolar | Scout Cavalry |
| 10:27 | Encolar | Scout Cavalry |
| 10:34 | Investigar | Horse Collar |
| 10:48 | Encolar | Villager (Male) |
| 11:13 | Encolar | Scout Cavalry |
| 11:15 | Encolar | Villager (Male) |
| 11:26 | Construir | Mill |
| 11:49 | Encolar | Villager (Male) |
| 11:49 | Encolar | Villager (Male) |
| 11:52 | Construir | Farm |
| 11:53 | Construir | Farm |
| 11:54 | Construir | Farm |
| 11:55 | Construir | Farm |
| 12:16 | Encolar | Villager (Male) |
| 12:18 | Construir | Farm |
| 12:42 | Construir | Farm |
| 12:43 | Encolar | Villager (Male) |
| 12:52 | Construir | Farm |
| 13:00 | Encolar | Scout Cavalry |
| 13:10 | Construir | Farm |
| 13:28 | Construir | Farm |
| 13:43 | Encolar | Scout Cavalry |
| 13:53 | Encolar | Scout Cavalry |
| 13:54 | Encolar | Villager (Male) |
| 14:10 | Construir | Archery Range |
| 14:20 | Encolar | Scout Cavalry |
| 14:38 | Encolar | Scout Cavalry |
| 14:43 | Encolar | Villager (Male) |
| 14:43 | Encolar | Villager (Male) |
| 15:21 | Construir | Lumber Camp |
| 15:52 | Construir | Watch Tower |
| 16:01 | Construir | Lumber Camp |
| 16:02 | Encolar | Scout Cavalry |
| 16:02 | Encolar | Scout Cavalry |
| 16:22 | Encolar | Skirmisher ×3 |
| 16:40 | Encolar | Scout Cavalry |
| 16:46 | Encolar | Villager (Male) |
| 16:46 | Encolar | Villager (Male) |
| 17:04 | Construir | Farm |
| 17:12 | Construir | Farm |
| 17:16 | Encolar | Skirmisher |
| 17:24 | Construir | Farm |
| 17:28 | Encolar | Villager (Male) |
| 17:29 | Encolar | Villager (Male) |
| 18:02 | Encolar | Scout Cavalry |
| 18:02 | Encolar | Scout Cavalry |
| 18:04 | Encolar | Villager (Male) |
| 18:04 | Encolar | Villager (Male) |
| 18:10 | Construir | Farm |
| 18:11 | Construir | Farm |
| 18:13 | Construir | Farm |
| 18:30 | Encolar | Skirmisher |
| 19:05 | Construir | Mining Camp |
| 19:27 | Encolar | Villager (Male) |
| 19:27 | Encolar | Villager (Male) |
| 19:30 | Construir | Blacksmith |
| 19:40 | Encolar | Skirmisher |
| 19:40 | Encolar | Skirmisher |
| 19:41 | Encolar | Scout Cavalry |
| 19:41 | Encolar | Scout Cavalry |
| 19:57 | Encolar | Skirmisher |
| 20:22 | Construir | Farm |
| 20:23 | Construir | Farm |
| 20:30 | Encolar | Scout Cavalry |
| 20:32 | Encolar | Skirmisher |
| 20:39 | Investigar | Fletching |
| 21:00 | Investigar | Padded Archer Armor |
| 21:15 | Encolar | Skirmisher |
| 21:16 | Encolar | Scout Cavalry |
| 21:28 | Construir | Farm |
| 21:44 | Investigar | Scale Mail Armor |
| 21:47 | Investigar | Scale Barding Armor |
| 21:59 | Construir | Farm |
| 23:03 | Encolar | Skirmisher ×5 |
| 23:19 | Encolar | Villager (Male) |
| 23:28 | Construir | Market |
| 23:39 | Encolar | Villager (Male) |
| 23:39 | Encolar | Villager (Male) |
| 24:23 | Investigar | Castle Age |
| 24:34 | Encolar | Spearman |
| 24:34 | Encolar | Spearman |
| 24:53 | Construir | Archery Range |
| 25:21 | Encolar | Spearman |
| 25:59 | Encolar | Spearman |
| 26:18 | Encolar | Spearman |
| 26:29 | Encolar | Spearman |
| 26:32 | Investigar | Scale Mail Armor |
| 26:34 | Investigar | Forging |
| 27:03 | Edad | Edad de los Castillos |
| 27:13 | Construir | Town Center |
| 27:20 | Investigar | Bodkin Arrow |
| 27:39 | Encolar | Spearman |
| 28:01 | Encolar | Villager (Male) |
| 28:28 | Construir | Barracks |
| 28:50 | Encolar | Villager (Male) |
| 28:54 | Investigar | Bloodlines |
| 29:08 | Investigar | Pikeman (upgrade) |
| 29:18 | Construir | Barracks |
| 29:25 | Encolar | Knight |
| 29:50 | Encolar | Spearman |
| 29:51 | Encolar | Spearman |
| 30:07 | Encolar | Knight |
| 30:19 | Encolar | Knight |
| 30:30 | Encolar | Spearman ×3 |
| 30:30 | Encolar | Spearman ×3 |
| 30:53 | Encolar | Spearman ×4 |
| 31:27 | Construir | Stable |
| 31:43 | Encolar | Villager (Male) |
| 31:53 | Investigar | Forging |
| 32:01 | Encolar | Knight ×3 |
| 32:24 | Encolar | Spearman ×2 |
| 32:25 | Encolar | Spearman ×2 |
| 32:34 | Encolar | Knight |
| 32:41 | Encolar | Knight |
| 33:19 | Encolar | Knight ×2 |
| 33:56 | Encolar | Knight ×2 |
| 33:59 | Encolar | Spearman |
| 33:59 | Encolar | Spearman |
| 34:30 | Encolar | Spearman ×4 |
Cronología de la partida
| 5:03 | Pedro · first_building Barracks |
| 7:32 | CobraKai · first_building Barracks |
| 7:38 | CobraKai · wall_segment Palisade Wall x2 |
| 9:29 | CobraKai · age_up feudal |
| 9:40 | CobraKai · first_building Stable |
| 10:08 | Pedro · age_up feudal |
| 10:11 | Pedro · first_building Archery Range |
| 14:00 | Pedro · wall_segment Palisade Wall x1 |
| 14:01 | Pedro · wall_segment Palisade Wall x1 |
| 14:02 | Pedro · wall_segment Palisade Wall x1 |
| 14:03 | Pedro · wall_segment Palisade Wall x1 |
| 14:10 | CobraKai · first_building Archery Range |
| 14:47 | Pedro · wall_segment Palisade Wall x1 |
| 14:49 | Pedro · wall_segment Palisade Wall x1 |
| 15:46 | Pedro · wall_segment Palisade Wall x1 |
| 21:35 | Pedro · first_building Stable |
| 23:56 | CobraKai · first_market_buy 100 food |
| 24:08 | Pedro · age_up castle |
| 26:01 | Pedro · first_building Siege Workshop |
| 26:45 | CobraKai · first_market_sell 100 food |
| 27:03 | CobraKai · age_up castle |
| 30:54 | Pedro · wall_segment Palisade Wall x1 |
| 30:55 | Pedro · wall_segment Palisade Wall x1 |
| 33:20 | Pedro · wall_segment Palisade Wall x1 |
| 36:13 | Pedro · first_market_sell 100 wood |
| 37:12 | Pedro · first_building Monastery |
| 39:32 | CobraKai · wall_segment Palisade Wall x1 |
| 39:36 | CobraKai · wall_segment Palisade Wall x1 |
| 39:37 | CobraKai · wall_segment Palisade Wall x1 |
| 39:39 | CobraKai · wall_segment Palisade Wall x1 |
| 39:42 | CobraKai · wall_segment Palisade Wall x1 |
| 41:10 | Pedro · first_market_buy 100 stone |
| 41:21 | Pedro · first_building Castle |
| 41:55 | CobraKai · first_building Monastery |
| 44:38 | CobraKai · resign |
[ ANÁLISIS IA · 1 CRÉDITO ]
¿Qué pasó realmente en esta partida?
Wolo.gg analiza cada decisión: build order, eco, micro, errores típicos por bracket. Análisis personalizado por WhatsApp o Discord en 30 segundos.
Guía civ
Hunos
Perfil
Jugador #339375